 Dungeon Crawl Stone Soup version 0.27-a0-1144-g0b7d3b79db (webtiles) character file.

Game seed: 3381140073167962889

332 night the Stinger (level 6, -9/28 HPs)
             Began as a Felid Venom Mage on May 10, 2021.
             Was an Initiate of Gozag.
             Mangled by an ogre
             ... wielding a +0 giant spiked club
              (16 damage)
             ... on level 6 of the Dungeon.
             The game lasted 00:10:17 (6060 turns).

night the Stinger (Felid Venom Mage)                Turns: 6060, Time: 00:10:18

Health: -9/28      AC:  2    Str:  4    XL:     6   Next: 26%
Magic:  13/13      EV: 17    Int: 18    God:    Gozag
Gold:   304        SH:  0    Dex: 17    Spells: 4/13 levels left
                                        Lives:  0   Deaths: 1

rFire    . . .     SeeInvis +   (weapon unavailable)
rCold    . . .     Faith    .   (shield unavailable)
rNeg     . . .     Spirit   .   (armour unavailable)
rPois    .         Reflect  .   (helmet unavailable)
rElec    .         Harm     .   (cloak unavailable)
rCorr    .         Rampage  .   (gloves unavailable)
Will     +....                  (boots unavailable)
Stlth    ++........             (no amulet)
HPRegen  0.09/turn              b - ring of willpower
MPRegen  0.13/turn              (no ring)

@: quick
A: very small, claws 1, fangs 3, see invisible, speed 1, shaggy fur 2, stealthy
paws, no weapons or thrown items, no armour, multi-lived
a: Renounce Religion, Potion Petition, Call Merchant, Bribe Branch


You were on level 6 of the Dungeon.
You worshipped Gozag.
Gozag was aware of your devotion.
You visited 1 branch of the dungeon, and saw 6 of its levels.

You collected 349 gold pieces.
You paid 45 gold pieces to Gozag.

Inventory:

Jewellery
 b - a ring of willpower (left paw)
 g - an amulet of faith
 k - a ring of protection from cold
Wands
 e - a wand of iceblast (6)
 h - a wand of flame (48)
Scrolls
 f - 2 scrolls of vulnerability
 o - 4 scrolls of identify
 p - a scroll of immolation {unknown}
 q - a scroll of holy word {unknown}
 r - a scroll of enchant armour {unknown}
 s - a scroll of magic mapping {unknown}
Potions
 a - a potion of heal wounds
 c - a potion of ambrosia {unknown}
 i - a potion of flight
 j - 2 potions of curing
 l - a potion of cancellation
 m - 2 potions of invisibility {unknown}


   Skills:
 + Level 3.5 Fighting
 - Level 2.6 Dodging
 - Level 2.6 Stealth
 + Level 4.0 Spellcasting
 - Level 1.1 Transmutations
 + Level 4.4 Poison Magic


You had 4 spell levels left.
You knew the following spells:

 Your Spells              Type           Power      Damage    Failure   Level
a - Sting                 Tmut/Pois      52%        1d5       4%          1
b - Poisonous Vapours     Pois/Air       22%        N/A       9%          2
c - Ignite Poison         Fire/Tmut/Pois 10%        N/A       21%         3
e - Mephitic Cloud        Conj/Pois/Air  8%         N/A       24%         3

Your spell library contained the following spells:

 Spells                   Type           Power      Damage    Failure   Level
 Foxfire                  Conj/Fire      12%        2x1d4     14%         1
 Olgreb's Toxic Radiance  Pois           19%        N/A       24%         4
 Conjure Flame            Conj/Fire      3%         6-21      41%         3
 Inner Flame              Hex/Fire       3%         N/A       41%         3
 Sticky Flame             Conj/Fire      3%         2d3       82%         4
 Fireball                 Conj/Fire      1%         3d3       99%         5


Dungeon Overview and Level Annotations

Branches:
Dungeon (6/15)             Temple (0/1) D:5

Altars:
Gozag
Trog
Yredelemnul
Zin


Innate Abilities, Weirdness & Mutations

You have sharp claws.
You have razor-sharp teeth.
You have supernaturally acute eyesight. (SInv)
You cover ground quickly. (Speed+)
You are covered in thick fur. (AC +2)
Your paws help you pounce on unaware monsters.
You are incapable of wielding weapons or throwing items.
You cannot wear armour.
You gain extra lives every three experience levels.


Message History

The phantom is moderately damaged.
The phantom hits you.
The gnoll sergeant shouts!
You scratch the phantom.
The phantom is moderately damaged.
The phantom hits you.
You are too injured to fight recklessly!
You are too injured to fight recklessly!
Casting: Sting (safe; 4% risk of failure)
Confirm with . or Enter, or press ? or * to list all spells.
Aiming: Poisonous Vapours (safe; 9% risk of failure)
Press: ? - help, Dir - move target, f - gnoll sergeant
Aim: a gnoll sergeant, wielding a +0 spear and wearing a +0 ring mail Poisonous vapours surround the gnoll sergeant!
The phantom completely misses you.
You open the door. The phantom hits you!
* * * LOW HITPOINT WARNING * * *
The phantom blinks!
You blink.
The gnoll sergeant hits you but does no damage.
The gnoll sergeant closely misses you.
As you read the scroll labelled UDUSOTTILE, it crumbles to dust.
You hear a loud clanging noise!
It was a scroll of noise.
You hear a shout! x2
As you read the scroll labelled SESCHI QOLIUCHO, it crumbles to dust.
You feel strangely unstable.
It was a scroll of teleportation.
Your surroundings suddenly seem different.
Found 17 sling bullets, 14 gold pieces and 21 stones.
A bullfrog and a zombie come into view.
The centaur zombie moves out of view.
The bullfrog moves out of view.
You see here 17 sling bullets.
An ogre comes into view. It is wielding a +0 giant spiked club.
Found 20 stones.
The ogre barely misses you.
You scratch the ogre.
The ogre is lightly wounded.
The ogre hits you with a +0 giant spiked club!
Ouch! That really hurt!
You die...
Your body crumbles into a pile of gold.

.. #.# . .#.#
.#####.(..
#........#
##+##.........
#..........#.#
#.....O.......
#.....@....#
#..........#
##+##..###.#
.. #......# $
#..###.###.#
+......#
#..###.#
+##..###.#
......#.#


You could see an ogre.

Vanquished Creatures
  A centaur (D:5)
  A bullfrog (D:5)
  A scorpion (D:5)
  A jelly (D:4)
  Terence (D:3)
  A hound zombie (D:5)
  2 hound skeletons
  An adder (D:5)
  2 adder skeletons (D:4)
  A worm (D:2)
  A dart slug (D:1)
  5 orcs
  7 ball pythons
  9 bats
  6 endoplasms
  A giant cockroach (D:3)
  3 goblins
  4 hobgoblins
  8 jackals
  3 quokkas
  2 frilled lizards (D:1)
  2 kobolds
  6 rats
69 creatures vanquished.

Notes
Turn   | Place    | Note
-------+----------+-------------------------------------------
     0 | D:1      | night the Felid Venom Mage began the quest for the Orb.
     0 | D:1      | Reached XP level 1. HP: 7/7 MP: 4/4
   208 | D:1      | Reached XP level 2. HP: 11/12 MP: 0/6
   211 | D:1      | Learned a level 2 spell: Poisonous Vapours
   436 | D:1      | Reached skill level 1 in Fighting
   934 | D:1      | HP: 1/12 [goblin/+0 club (3)]
   939 | D:1      | Reached XP level 3. HP: 2/15 MP: 4/7
  2125 | D:2      | You fall into a shaft and drop 1 floor!
  2136 | D:3      | Noticed Terence
  2152 | D:3      | Killed Terence
  2153 | D:3      | Reached skill level 2 in Fighting
  2153 | D:3      | Reached XP level 4. HP: 18/19 MP: 0/9
  2529 | D:3      | Learned a level 3 spell: Ignite Poison
  2533 | D:3      | Learned a level 3 spell: Mephitic Cloud
  2700 | D:3      | Found a bloodstained altar of Trog.
  2945 | D:3      | Found an opulent altar of Gozag.
  2956 | D:3      | Became a worshipper of Gozag Ym Sagoz the Greedy
  3519 | D:4      | Splashed by a jelly's acid
  3520 | D:4      | Reached XP level 3. HP: 0/16 MP: 8/8
  3726 | D:4      | Found a basalt altar of Yredelemnul.
  3753 | D:4      | Found a glowing silver altar of Zin.
  3884 | D:4      | Reached XP level 4. HP: 4/20 MP: 5/9
  4199 | D:5      | Entered Level 5 of the Dungeon
  4240 | D:5      | Noticed a scorpion
  4245 | D:5      | Killed a scorpion
  4246 | D:5      | Reached XP level 5. HP: 24/24 MP: 5/11
  4338 | D:5      | Found a staircase to the Ecumenical Temple.
  4572 | D:5      | Noticed a centaur
  4580 | D:5      | Killed a centaur
  4921 | D:5      | HP: 2/24 [hound zombie (3)]
  5305 | D:5      | Gained mutation: You are covered in thick fur. (AC +2)
                  | [Felid growth]
  5305 | D:5      | Reached XP level 6. HP: 28/28 MP: 8/12
  6060 | D:6      | Mangled by an ogre

Illustrated notes

Levels and vault maps discovered:
D:1:      ncdulo_watergridlock, layout_loops_ring, minmay_small_reverse_x
D:2:      layout_basic, shapermc_ecumenical_altar_flowoftime, minmay_distorted
D:3:      layout_basic, bloody_trog, lemuel_coloured_pillars_altar, uniq_terence
D:4:      layout_basic, chequers_temple_overflow_statue_of_worship
D:5:      layout_basic, minmay_temple_entry_offerings
D:6:      layout_basic

Skill      XL: |  1  2  3  4  5  6 |
---------------+-------------------+-----
Fighting       | 1 2 3 |  3.5
Poison Magic   | 3 4 |  4.4
Spellcasting   | 3 4 |  4.0
Dodging        | |  2.6
Stealth        | |  2.6
Transmutations | |  1.1

Action                   |  1- 3 |  4- 6 || total
-------------------------+-------+-------++-------
Melee: Unarmed           |    48 |   106 ||   154
       Bite              |     2 |     9 ||    11
 Cast: Sting             |    54 |    16 ||    70
       Poisonous Vapours |    17 |    18 ||    35
       Mephitic Cloud    |       |     1 ||     1
       Ignite Poison     |       |     1 ||     1
  Use: Scroll            |     2 |     6 ||     8
 Stab: Sleeping          |     1 |     5 ||     6
Armor: Skin              |     9 |     6 ||    15
Dodge: Dodged            |    61 |   104 ||   165

Table legend: (Time is in decaauts)
 A = Elapsed time spent in this place.
 B = Non-inter-level travel time spent in this place.
 C = Inter-level travel time spent in this place.
 D = Time resting spent in this place.
 E = Time spent auto-exploring this place.
 F = Levels seen in this place.
 G = Mean time per level.
                   A        B        C        D        E       F      G
               +--------+--------+--------+--------+--------+-----+--------+
         Total |   5442 |   5371 |     71 |   1346 |   3349 |   6 |  907.0 |
       Dungeon |   5442 |   5371 |     71 |   1346 |   3349 |   6 |  907.0 |
               +--------+--------+--------+--------+--------+-----+--------+

Top non-repeatable levels by time:
     D:5: 1589 daAuts
     D:1: 1562 daAuts
     D:4: 1059 daAuts
     D:3: 780 daAuts
     D:2: 380 daAuts
     D:6: 70 daAuts
